 Dungeon Crawl Stone Soup version 0.16-a0-2059-gf848859 (webtiles) character file.

18 smajdalf the Ruffian (level 2, -1/24 HPs)
             Began as a Ghoul Warper on Nov 11, 2014.
             Slain by a kobold
             ... wielding a +0 short sword
              (4 damage)
             ... on level 1 of the Dungeon.
             The game lasted 00:01:31 (330 turns).

smajdalf the Ruffian (Ghoul Warper)                  Turns: 330, Time: 00:01:31

Health: -1/24      AC:  3    Str: 14    XL:     2   Next: 70%
Magic:  3/3        EV: 10    Int:  8    God:
Gold:   14         SH:  0    Dex:  8    Spells: 1 memorised, 3 levels left

rFire  . . .     SeeInvis .       - Unarmed
rCold  + . .     Clarity  .     b - +0 leather armour
rNeg   + + +     SustAb   .     (no shield)
rPois  +         Gourm    .     (no helmet)
rElec  .         Spirit   .     (no cloak)
rCorr  .         Warding  .     (no gloves)
rMut   .         Stasis   .     (no boots)
MR     .....                    (no amulet)
Stlth  +.........               (no ring)
                                (no ring)

@: rotting, not resistant to hostile enchantments, very unstealthy
A: rotting body, claws 1, carnivore 3, cold resistance 1, negative energy
resistance 3, poison resistance, slow healing 1, torment resistance, unbreathing
a: no special abilities


You were on level 1 of the Dungeon.
You were not hungry.

You visited 1 branch of the dungeon, and saw 1 of its levels.

You collected 14 gold pieces.

Inventory:

Missiles
 e - 5 tomahawks of dispersal (quivered)
Armour
 b - a +0 leather armour (worn)
Scrolls
 a - 2 scrolls of identify {unknown}
 d - a scroll of blinking
 g - a scroll of teleportation {unknown}
Books
 c - a book of Spatial Translocations

   Spells                             Type                      Level
   *Apportation                       Translocation                1
   Blink                              Translocation                2
   Shroud of Golubria                 Charms/Translocation         2
   Portal Projectile                  Translocation                3
   Teleport Other                     Translocation                3
   Passage of Golubria                Translocation                4
Comestibles
 f - 3 chunks of flesh


   Skills:
 - Level 2.1 Fighting
 - Level 0.8 Throwing
 - Level 0.8 Armour
 - Level 1.7 Dodging
 + Level 3.5 Unarmed Combat
 - Level 1.7 Spellcasting
 - Level 2.6 Translocations


You had 3 spell levels left.
You knew the following spells:

 Your Spells              Type           Power        Failure   Level  Hunger
a - Apportation           Tloc           #.........   14%         1    ##.....


Dungeon Overview and Level Annotations

Branches:
Dungeon (1/15)

Altars:


Innate Abilities, Weirdness & Mutations

Your body is rotting away.
You thrive on raw meat.
You have sharp fingernails.
You are carnivorous and can eat meat at any time.
Your flesh is cold resistant.
You are immune to negative energy.
Your system is resistant to poisons.
You heal slowly when monsters are visible.
You are immune to unholy pain and torment.
You can survive without breathing.


Message History

You are too injured to fight recklessly!
You are too injured to fight recklessly!
You are too injured to fight recklessly!
You are too injured to fight recklessly!
You scratch the giant mite.
The giant mite is severely wounded.
The giant mite bites you.
* * * LOW HITPOINT WARNING * * *
Unknown command.
The kobold throws a stone.
The stone barely misses you.
You see here a stone.
Drink which item? (? for menu, Esc to quit)
You feel refreshed.
It was a potion of restore abilities.
You claw the giant mite!
You kill the giant mite!
You start resting.
You start resting.
The kobold throws a stone.
The stone completely misses you. The kobold hits you with a short sword.
You die...

# ###.# ##.##
#...######
#.#.##... #.#.##.#
..#.(..# #######.#
#.K..# # #@##.# #
#.#.##.# .
#...##.####... #
#...........# #
#..###.###### #
#..###.# # #
.(#.#...# #.#####
#.###..#.# #......
.#
##.#.#######.##..#


You could see a kobold.

Vanquished Creatures
  A giant mite (D:1)
  A giant cockroach (D:1)
  2 kobolds (D:1)
  A quokka (D:1)
  A ball python (D:1)
  2 bats (D:1)
  A giant newt (D:1)
  A goblin (D:1)
  3 rats (D:1)
13 creatures vanquished.

Notes
Turn   | Place    | Note
--------------------------------------------------------------
     0 | D:1      | smajdalf, the Ghoul Warper, began the quest for the Orb.
     0 | D:1      | Reached XP level 1. HP: 17/17 MP: 2/2
   156 | D:1      | Reached XP level 2. HP: 16/24 MP: 3/3
   199 | D:1      | Reached skill level 3 in Unarmed Combat
   330 | D:1      | Slain by a kobold

Action                   || total
-------------------------++-------
Melee: Unarmed           ||    38
  Use: Potion            ||     1
  Eat: Chunk             ||     6
